Sabres vs Bruins

Created - Tuesday, March 17, 2015 at 23:36

Goals
1 2 3 T
Sabres 0 1 2 3
Bruins 2 2 2 6
Shots
1 2 3 T
Sabres 8 4 14 26
Bruins 10 11 13 34

1st period

1. Bruins , Marian Hossa 30 (Anze Kopitar, Joe Pavelski) at 6:44 (PP)
2. Bruins , Shea Weber 35 (Marian Hossa, Joe Pavelski) at 7:37 (PP)

Penalties :
Dwight King (Buf) for Hooking (Minor) at 3:16, Eric Brewer (Buf) for Holding (Minor) at 6:28, David Perron (Buf) for Interference (Minor) at 7:14, Anze Kopitar (Bos) for Hooking (Minor) at 12:06, Brent Seabrook (Bos) for Roughing (Double Minor) at 16:46

2nd period

3. Sabres , Alex Pietrangelo 16 (Chris Higgins, Jay Bouwmeester) at 5:55 (SH)
4. Bruins , Joe Pavelski 49 (Anze Kopitar, Marian Hossa) at 7:01
5. Bruins , Matt Duchene 42 (Unassisted) at 14:54

Penalties :
Steve Downie (Buf) for Interference (Minor) at 4:43, T.J. Oshie (Bos) for Hooking (Minor) at 8:53, Troy Brouwer (Bos) for Hooking (Minor) at 12:28, Blake Wheeler (Buf) for Hooking (Minor) at 16:57

3rd period

6. Sabres , Henrik Zetterberg 43 (Alex Pietrangelo) at 3:19
7. Bruins , Shea Weber 36 (Brent Seabrook, Semyon Varlamov) at 5:07
8. Sabres , Blake Wheeler 30 (Sidney Crosby, Jay Bouwmeester) at 5:41
9. Bruins , Tommy Wingels 9 (T.J. Oshie, Jonas Brodin) at 10:45

Penalties :
Blake Wheeler (Buf) for Holding (Minor) at 8:20, T.J. Oshie (Bos) for Delaying the game (Minor) at 8:25

Goalie Stats

Ondrej Pavelec (Buf), 28 saves from 34 shots - (0.824), L, 16-4-0, 60:00 minutes
Semyon Varlamov (Bos), 23 saves from 26 shots - (0.885), W, 30-27-6, 60:00 minutes

Players Stats for Sabres

Player Name              G  A  P  +/- PIM S  H  SB GA TA FO     MP     PP MP  PK MP  
------------------------------------------------------------------------------------
Alec Martinez            0  0  0  -2  0   0  0  0  0  1  0/0    14:01   4:52   0:16 
Alex Pietrangelo         1  1  2   1  0   2  0  3  1  4  0/0    27:14   5:09   3:37 
Blake Wheeler            1  0  1   1  4   2  3  0  0  0  0/0    17:57   4:01   0:00 
Brooks Orpik             0  0  0   1  0   0  2  3  1  0  0/0    24:13   4:52   3:37 
Chris Higgins            0  1  1   0  0   2  1  0  0  0  1/1     8:57   0:00   3:14 
David Perron             0  0  0   1  2   0  1  1  1  0  0/0    17:36   6:00   0:00 
Dwight King              0  0  0  -1  2   0  1  0  1  0  0/0     5:24   0:00   0:00 
Eric Brewer              0  0  0   0  2   1  0  5  0  2  0/0    18:44   0:00   2:48 
Gustav Nyquist           0  0  0   1  0   1  0  0  4  0  0/1    18:04   4:01   0:00 
Henrik Zetterberg        1  0  1   0  0   2  0  1  2  0  4/4    21:16   3:56   3:27 
Jay Bouwmeester          0  2  2   0  0   3  2  4  0  2  0/0    26:59   5:09   3:04 
Marc-Andre Cliche        0  0  0  -2  0   1  0  2  0  0  4/9     8:55   0:00   3:27 
Matt Stajan              0  0  0  -1  0   2  2  1  0  2  5/10   13:53   0:00   3:14 
PA Parenteau             0  0  0  -2  0   0  1  1  1  0  0/0    10:05   0:00   0:00 
Sidney Crosby            0  1  1   1  0   6  1  1  4  3  10/18  20:06   6:05   0:00 
Stephane Robidas         0  0  0  -2  0   1  0  1  0  0  0/0     8:48   0:00   0:00 
Steve Downie             0  0  0  -3  2   1  3  0  0  0  0/0    10:23   0:00   0:00 
Steven Stamkos           0  0  0   1  0   2  0  1  1  0  7/16   18:44   6:00   0:00 

Players Stats for Bruins

Player Name              G  A  P  +/- PIM S  H  SB GA TA FO     MP     PP MP  PK MP  
------------------------------------------------------------------------------------
Anze Kopitar             0  2  2   0  2   1  1  0  3  0  10/18  20:41   3:47   1:42 
Brenden Dillon           0  0  0   1  0   0  2  1  0  2  0/0    16:08   0:00   3:05 
Brent Seabrook           0  1  1   1  4   1  2  0  0  1  0/0    20:39   0:00   2:57 
Claude Giroux            0  0  0   0  0   3  2  0  0  0  11/15  16:24   2:54   0:18 
Jeff Petry               0  0  0   1  0   1  0  1  0  1  0/0    16:08   0:00   3:05 
Joe Pavelski             1  2  3   0  0   4  0  0  3  0  0/1    18:17   3:47   0:13 
Jonas Brodin             0  1  1   0  0   0  0  1  0  1  0/0    18:47   0:00   6:56 
Marian Hossa             1  2  3   0  0   4  1  0  3  0  0/2    16:17   3:47   0:00 
Matt Duchene             1  0  1  -1  0   7  1  0  4  0  0/0    15:09   2:54   0:00 
Nate Guenin              0  0  0   0  0   0  0  0  0  0  0/0     4:51   0:00   3:59 
Nick Holden              0  0  0   0  0   0  0  0  0  0  0/0    11:32   0:06   0:00 
Paul Stastny             0  0  0   0  0   3  0  0  0  0  4/10   14:41   3:21   0:00 
Ryan Smyth               0  0  0   0  0   0  1  0  0  1  1/2     7:49   0:00   3:09 
Shea Weber               2  0  2   0  0   4  4  0  0  0  0/0    24:27   6:35   0:00 
T.J. Oshie               0  1  1   1  4   0  1  0  3  0  0/0    18:23   3:19   0:00 
Tommy Wingels            1  0  1   1  0   1  1  0  0  2  0/0    18:08   0:00   6:03 
Troy Brouwer             0  0  0   0  2   4  1  0  1  1  0/0    18:54   2:54   2:14 
Zemgus Girgensons        0  0  0   0  0   1  1  0  0  1  2/11   10:44   0:00   6:23 

3 Stars

1 - Shea Weber (Bos)
2 - Marian Hossa (Bos)
3 - Joe Pavelski (Bos)

Power Play

Sabres - 0 on 7 Attempt(s) - 0.00%
Bruins - 2 on 6 Attempt(s) - 33.33%

Penalty Kill

Sabres - 4 on 6 Attempt(s) - 66.67% - Score 1 goal in Penalty Kill
Bruins - 7 on 7 Attempt(s) - 100.00% - Score 0 goal in Penalty Kill

Team Stat

Sabres - Hits : 17 - Faceoff Wins : 31 - Blocked Shots : 24 - Penalty Minutes : 12
Bruins - Hits : 18 - Faceoff Wins : 28 - Blocked Shots : 3 - Penalty Minutes : 12

Official

Referees : Unknown
Linesman : Unknown

Game Notes

14:54 of 2nd period - Penalty Shot by Matt Duchene for Bruins - Goal!

Finance

Level 1 -- Attendance: 5486 (91.43%) -- Ticket Income $438,880
Level 2 -- Attendance: 4614 (92.28%) -- Ticket Income $244,542
Level 3 -- Attendance: 1886 (94.30%) -- Ticket Income $52,808
Level 4 -- Attendance: 3608 (90.20%) -- Ticket Income $61,336
Luxury Box -- Attendance: 884 (88.40%) -- Ticket Income $155,584
Game was played at the TD Banknorth Garden'
Total Attendance: 16478 (91.54%)
Total Ticket Income: $953,150
Other Income: $467,044
Total Income: $1,420,194

Sabres

5 vs 5 Forward 
   Center                   Left Wing                Right Wing               Time % Phy DF OF 
 1 Sidney Crosby            Gustav Nyquist           Blake Wheeler            40     1   1  3  
 2 Steven Stamkos           Henrik Zetterberg        David Perron             39     0   1  4  
 3 Matt Stajan              Steve Downie             PA Parenteau             15     1   2  2  
 4 Marc-Andre Cliche        Dwight King              Chris Higgins            6      2   2  1  

5 vs 5 Defense 
   Defense                  Defense                                           Time % Phy DF OF 
 1 Brooks Orpik             Alex Pietrangelo                                  37     1   3  1  
 2 Jay Bouwmeester          Eric Brewer                                       36     1   2  2  
 3 Alec Martinez            Stephane Robidas                                  17     1   4  0  
 4 Jay Bouwmeester          Alex Pietrangelo                                  10     1   1  3  

PowerPlay Forward 
   Center                   Left Wing                Right Wing               Time % Phy DF OF 
 1 Sidney Crosby            David Perron             Steven Stamkos           55     0   0  5  
 2 Henrik Zetterberg        Gustav Nyquist           Blake Wheeler            45     0   0  5  

PowerPlay Defense
   Defense                  Defense                                           Time % Phy DF OF 
 1 Jay Bouwmeester          Alex Pietrangelo                                  55     0   2  3  
 2 Alec Martinez            Brooks Orpik                                      45     0   2  3  

Penalty Kill 4 Players Forward 
   Center                   Wing                     Time % Phy DF OF 
 1 Matt Stajan              Chris Higgins            50     1   4  0  
 2 Marc-Andre Cliche        Henrik Zetterberg        50     2   3  0  

Penalty Kill 4 Players Defense
   Defense                  Defense                  Time % Phy DF OF 
 1 Brooks Orpik             Alex Pietrangelo         50     1   4  0  
 2 Eric Brewer              Jay Bouwmeester          50     1   4  0  

Penalty Kill - 3 Players Forward 
   Forward                                           Time % Phy DF OF 
 1 Matt Stajan                                       50     1   2  2  
 2 Marc-Andre Cliche                                 50     1   2  2  

Penalty Kill - 3 Players Defense
   Defense                  Defense                  Time % Phy DF OF 
 1 Brooks Orpik             Alex Pietrangelo         50     1   4  0  
 2 Eric Brewer              Jay Bouwmeester          50     1   4  0  

4 vs 4 Forward 
   Center                   Wing                     Time % Phy DF OF 
 1 Sidney Crosby            Blake Wheeler            50     0   1  4  
 2 Steven Stamkos           Henrik Zetterberg        50     1   1  3  

4 vs 4 Defense
   Defense                  Defense                  Time % Phy DF OF 
 1 Jay Bouwmeester          Alex Pietrangelo         50     1   2  2  
 2 Eric Brewer              Brooks Orpik             50     1   2  2  

Last Minutes Offensive
   Center                   Left Wing                Right Wing               Defense                  Defense                  
   Sidney Crosby            Henrik Zetterberg        Steven Stamkos           Jay Bouwmeester          Alex Pietrangelo         

Last Minutes Defensive
   Center                   Left Wing                Right Wing               Defense                  Defense                  
   Henrik Zetterberg        Dwight King              Chris Higgins            Brooks Orpik             Alex Pietrangelo         

Goaltenders
Starting : Ondrej Pavelec           
Backup : Petr Mrazek              

Extra Forwards
Normal : Steven Stamkos, Henrik Zetterberg, Gustav Nyquist - PP : David Perron, Steven Stamkos - PK : Chris Higgins
Extra Defensemen
Normal : Eric Brewer, Stephane Robidas, Brooks Orpik - PP : Eric Brewer - PK : Eric Brewer, Brooks Orpik
Penalty Shots
Steven Stamkos, Sidney Crosby, PA Parenteau, Blake Wheeler, David Perron

Bruins

5 vs 5 Forward 
   Center                   Left Wing                Right Wing               Time % Phy DF OF 
 1 Anze Kopitar             Joe Pavelski             Marian Hossa             35     1   2  2  
 2 Claude Giroux            Matt Duchene             Troy Brouwer             30     1   2  2  
 3 Paul Stastny             Tommy Wingels            T.J. Oshie               25     1   2  2  
 4 Zemgus Girgensons        Ryan Smyth               T.J. Oshie               10     1   2  2  

5 vs 5 Defense 
   Defense                  Defense                                           Time % Phy DF OF 
 1 Shea Weber               Brent Seabrook                                    40     1   2  2  
 2 Brenden Dillon           Jeff Petry                                        30     1   2  2  
 3 Jonas Brodin             Nick Holden                                       25     1   2  2  
 4 Nate Guenin              Jonas Brodin                                      5      1   2  2  

PowerPlay Forward 
   Center                   Left Wing                Right Wing               Time % Phy DF OF 
 1 Anze Kopitar             Joe Pavelski             Marian Hossa             60     1   0  4  
 2 Claude Giroux            Matt Duchene             Troy Brouwer             40     1   0  4  

PowerPlay Defense
   Defense                  Defense                                           Time % Phy DF OF 
 1 Shea Weber               T.J. Oshie                                        60     1   1  3  
 2 Shea Weber               Paul Stastny                                      40     1   1  3  

Penalty Kill 4 Players Forward 
   Center                   Wing                     Time % Phy DF OF 
 1 Zemgus Girgensons        Tommy Wingels            60     1   3  1  
 2 Ryan Smyth               Troy Brouwer             40     1   3  1  

Penalty Kill 4 Players Defense
   Defense                  Defense                  Time % Phy DF OF 
 1 Brent Seabrook           Jonas Brodin             60     1   4  0  
 2 Brenden Dillon           Jeff Petry               40     1   4  0  

Penalty Kill - 3 Players Forward 
   Forward                                           Time % Phy DF OF 
 1 Zemgus Girgensons                                 60     1   4  0  
 2 Ryan Smyth                                        40     1   4  0  

Penalty Kill - 3 Players Defense
   Defense                  Defense                  Time % Phy DF OF 
 1 Jonas Brodin             Brent Seabrook           60     1   4  0  
 2 Brenden Dillon           Jeff Petry               40     1   4  0  

4 vs 4 Forward 
   Center                   Wing                     Time % Phy DF OF 
 1 Anze Kopitar             Joe Pavelski             60     1   2  2  
 2 Claude Giroux            Matt Duchene             40     1   2  2  

4 vs 4 Defense
   Defense                  Defense                  Time % Phy DF OF 
 1 Shea Weber               Brent Seabrook           60     1   2  2  
 2 Brenden Dillon           Jeff Petry               40     1   2  2  

Last Minutes Offensive
   Center                   Left Wing                Right Wing               Defense                  Defense                  
   Anze Kopitar             Joe Pavelski             Marian Hossa             Shea Weber               Brent Seabrook           

Last Minutes Defensive
   Center                   Left Wing                Right Wing               Defense                  Defense                  
   Anze Kopitar             Joe Pavelski             Marian Hossa             Shea Weber               Brent Seabrook           

Goaltenders
Starting : Semyon Varlamov          
Backup : Cam Talbot               

Extra Forwards
Normal : T.J. Oshie, Ryan Smyth, Zemgus Girgensons - PP : Paul Stastny, T.J. Oshie - PK : Anze Kopitar
Extra Defensemen
Normal : Jeff Petry, Jonas Brodin, Nate Guenin - PP : Nick Holden - PK : Nate Guenin, Nick Holden
Penalty Shots
T.J. Oshie, Claude Giroux, Anze Kopitar, Joe Pavelski, Matt Duchene

% Time on Ice - Sabres

Lines # - Real PCT - Wanted PCT - Time Play
Normal Forward
1 - 32% - 40% - 13:16
2 - 31% - 39% - 12:54
3 - 24% - 15% - 10:05
4 - 12% - 6% - 5:09
Normal Defense
1 - 41% - 37% - 17:05
2 - 36% - 36% - 15:03
3 - 21% - 17% - 8:48
4 - 1% - 10% - 0:28
PP Forward
1 - 61% - 55% - 6:05
2 - 39% - 45% - 3:56
PP Defense
1 - 51% - 55% - 5:09
2 - 49% - 45% - 4:52
PK Forward
1 - 48% - 50% - 3:14
2 - 52% - 50% - 3:27
PK Defense
1 - 54% - 50% - 3:37
2 - 46% - 50% - 3:04
PK3 Forward
1 - 0% - 50%
2 - 0% - 50%
PK3 Defense
1 - 0% - 50%
2 - 0% - 50%
44 Forward
1 - 69% - 50% - 1:19
2 - 31% - 50% - 0:35
44 Defense
1 - 48% - 50% - 0:55
2 - 52% - 50% - 0:59
Last Minute Offensive  - 0:00
Last Minute Defensive  - 0:00
Total
Forward - 60:00
Defense - 60:00

% Time on Ice - Bruins

Lines # - Real PCT - Wanted PCT - Time Play
Normal Forward
1 - 34% - 35% - 13:54
2 - 31% - 30% - 12:56
3 - 26% - 25% - 10:48
4 - 9% - 10% - 3:46
Normal Defense
1 - 40% - 40% - 16:43
2 - 32% - 30% - 13:06
3 - 26% - 25% - 10:54
4 - 2% - 5% - 0:41
PP Forward
1 - 57% - 60% - 3:47
2 - 43% - 40% - 2:54
PP Defense
1 - 50% - 60% - 3:20
2 - 50% - 40% - 3:21
PK Forward
1 - 69% - 60% - 6:57
2 - 31% - 40% - 3:04
PK Defense
1 - 69% - 60% - 6:56
2 - 31% - 40% - 3:05
PK3 Forward
1 - 0% - 60%
2 - 0% - 40%
PK3 Defense
1 - 0% - 60%
2 - 0% - 40%
44 Forward
1 - 100% - 60% - 1:54
2 - 0% - 40% - 0:00
44 Defense
1 - 75% - 60% - 1:25
2 - 25% - 40% - 0:29
Last Minute Offensive  - 0:00
Last Minute Defensive  - 0:00
Total
Forward - 60:00
Defense - 60:00

Play by Play

1st period


0:01 of 1st period - Sidney Crosby wins face-off versus Anze Kopitar in neutral zone.
0:06 of 1st period - Shea Weber is hit by Brooks Orpik and loses puck.
0:29 of 1st period - Wrist shot by Anze Kopitar.
0:29 of 1st period - Shot Misses the Net.
0:53 of 1st period - Snap shot by Claude Giroux.
0:53 of 1st period - Shot Misses the Net.
0:55 of 1st period - Slapshot by Matt Duchene.
0:55 of 1st period - Stopped by Ondrej Pavelec with a rebound.
0:57 of 1st period - Snap shot by Matt Duchene.
0:57 of 1st period - Shot Blocked by Brooks Orpik.
1:17 of 1st period - Wrist shot by Matt Duchene.
1:17 of 1st period - Stopped by Ondrej Pavelec without a rebound.
1:18 of 1st period - Paul Stastny wins face-off versus Steven Stamkos in Sabres zone.
2:10 of 1st period - Joe Pavelski is hit by Steve Downie.
2:26 of 1st period - Snap shot by Joe Pavelski.
2:26 of 1st period - Shot Blocked by Matt Stajan.
3:06 of 1st period - Snap shot by Matt Duchene.
3:06 of 1st period - Stopped by Ondrej Pavelec with a rebound.
3:08 of 1st period - Snap shot by Claude Giroux.
3:08 of 1st period - Stopped by Ondrej Pavelec with a rebound.
3:16 of 1st period - Minor Penalty to Dwight King for Hooking.
3:17 of 1st period - Marc-Andre Cliche wins face-off versus Marian Hossa in Sabres zone.
4:26 of 1st period - Chris Higgins is hit by Shea Weber and loses puck.
4:47 of 1st period - Claude Giroux is hit by Chris Higgins and loses puck.
5:16 of 1st period - Penalty to Dwight King is over, Dwight King is back on ice.
6:28 of 1st period - Minor Penalty to Eric Brewer for Holding.
6:29 of 1st period - Anze Kopitar wins face-off versus Marc-Andre Cliche in Sabres zone.
6:44 of 1st period - Wrist shot by Marian Hossa.
6:44 of 1st period - Goal by Marian Hossa - Sabres : 0 - Bruins : 1.
6:45 of 1st period - Henrik Zetterberg wins face-off versus Paul Stastny in neutral zone.
6:56 of 1st period - Wrist shot by Steven Stamkos.
6:56 of 1st period - Stopped by Semyon Varlamov with a rebound.
7:14 of 1st period - Minor Penalty to David Perron for Interference.
7:15 of 1st period - Anze Kopitar wins face-off versus Matt Stajan in Sabres zone.
7:35 of 1st period - Backhand shot by Marian Hossa.
7:35 of 1st period - Shot Misses the Net.
7:37 of 1st period - Backhand shot by Shea Weber.
7:37 of 1st period - Deflect By Chris Higgins.
7:37 of 1st period - Goal by Shea Weber - Sabres : 0 - Bruins : 2.
7:38 of 1st period - Anze Kopitar wins face-off versus Steven Stamkos in neutral zone.
7:48 of 1st period - Snap shot by Marian Hossa.
7:48 of 1st period - Shot Blocked by David Perron.
7:50 of 1st period - Slapshot by Shea Weber.
7:50 of 1st period - Shot Blocked by Brooks Orpik.
7:52 of 1st period - Slapshot by Shea Weber.
7:52 of 1st period - Deflect By Anze Kopitar.
7:52 of 1st period - Shot Misses the Net.
7:52 of 1st period - Puck is out of play.
7:53 of 1st period - Anze Kopitar wins face-off versus Steven Stamkos in Sabres zone.
8:08 of 1st period - Snap shot by Marian Hossa.
8:08 of 1st period - Stopped by Ondrej Pavelec with a rebound.
8:10 of 1st period - Slapshot by Brent Seabrook.
8:10 of 1st period - Deflect By Joe Pavelski.
8:10 of 1st period - Shot Misses the Net.
8:10 of 1st period - Puck is out of play.
8:11 of 1st period - Sidney Crosby wins face-off versus Claude Giroux in Sabres zone.
8:11 of 1st period - Sidney Crosby is hit by Troy Brouwer.
8:24 of 1st period - Wrist shot by Matt Duchene.
8:24 of 1st period - Shot Blocked by Eric Brewer.
8:26 of 1st period - Snap shot by Troy Brouwer.
8:26 of 1st period - Stopped by Ondrej Pavelec without a rebound.
8:27 of 1st period - Claude Giroux wins face-off versus Sidney Crosby in Sabres zone.
8:30 of 1st period - Slapshot by Matt Duchene.
8:30 of 1st period - Stopped by Ondrej Pavelec without a rebound.
8:31 of 1st period - Claude Giroux wins face-off versus Gustav Nyquist in Sabres zone.
8:50 of 1st period - Snap shot by Claude Giroux.
8:50 of 1st period - Shot Blocked by Eric Brewer.
9:24 of 1st period - Jay Bouwmeester is hit by Marian Hossa.
9:34 of 1st period - Alex Pietrangelo is hit by Shea Weber and loses puck.
10:33 of 1st period - Jonas Brodin is hit by PA Parenteau and loses puck.
11:00 of 1st period - Snap shot by Claude Giroux.
11:00 of 1st period - Shot Misses the Net.
11:02 of 1st period - Snap shot by Troy Brouwer.
11:02 of 1st period - Stopped by Ondrej Pavelec with a rebound.
11:04 of 1st period - Slapshot by Jonas Brodin.
11:04 of 1st period - Shot Blocked by Stephane Robidas.
11:45 of 1st period - Snap shot by Sidney Crosby.
11:45 of 1st period - Stopped by Semyon Varlamov with a rebound.
11:55 of 1st period - Snap shot by Joe Pavelski.
11:55 of 1st period - Shot Misses the Net.
12:06 of 1st period - Minor Penalty to Anze Kopitar for Hooking.
12:07 of 1st period - Steven Stamkos wins face-off versus Zemgus Girgensons in Bruins zone.
12:25 of 1st period - Wrist shot by Steven Stamkos.
12:25 of 1st period - Shot Misses the Net.
12:27 of 1st period - Snap shot by Jay Bouwmeester.
12:27 of 1st period - Stopped by Semyon Varlamov with a rebound.
12:29 of 1st period - Slapshot by Jay Bouwmeester.
12:29 of 1st period - Stopped by Semyon Varlamov with a rebound.
14:06 of 1st period - Penalty to Anze Kopitar is over, Anze Kopitar is back on ice.
14:09 of 1st period - Claude Giroux is hit by Blake Wheeler and loses puck.
14:46 of 1st period - Snap shot by PA Parenteau.
14:46 of 1st period - Shot Misses the Net.
14:48 of 1st period - Slapshot by Eric Brewer.
14:48 of 1st period - Stopped by Semyon Varlamov with a rebound.
14:50 of 1st period - Snap shot by Steve Downie.
14:50 of 1st period - Stopped by Semyon Varlamov with a rebound.
14:52 of 1st period - Snap shot by Jay Bouwmeester.
14:52 of 1st period - Stopped by Semyon Varlamov with a rebound.
15:18 of 1st period - Anze Kopitar is hit by Dwight King and loses puck.
15:29 of 1st period - Slapshot by Marc-Andre Cliche.
15:29 of 1st period - Stopped by Semyon Varlamov without a rebound.
15:30 of 1st period - Ryan Smyth wins face-off versus Steven Stamkos in Bruins zone.
15:34 of 1st period - Off-side.
15:35 of 1st period - Steven Stamkos wins face-off versus Zemgus Girgensons in neutral zone.
16:46 of 1st period - Double Minor Penalty to Brent Seabrook for Roughing.
16:47 of 1st period - Sidney Crosby wins face-off versus Zemgus Girgensons in Bruins zone.
17:11 of 1st period - Snap shot by Troy Brouwer.
17:11 of 1st period - Shot Misses the Net.
17:13 of 1st period - Slapshot by Nate Guenin.
17:13 of 1st period - Deflect By Troy Brouwer.
17:13 of 1st period - Shot Blocked by Jay Bouwmeester.
17:13 of 1st period - Puck is out of play.
17:14 of 1st period - Henrik Zetterberg wins face-off versus Ryan Smyth in Sabres zone.
17:29 of 1st period - Off-side.
17:30 of 1st period - Henrik Zetterberg wins face-off versus Zemgus Girgensons in neutral zone.
17:33 of 1st period - Jonas Brodin is hit by Brooks Orpik and loses puck.
18:11 of 1st period - Troy Brouwer is hit by David Perron and loses puck.
19:07 of 1st period - Sidney Crosby is hit by Ryan Smyth and loses puck.
19:52 of 1st period - Jay Bouwmeester is hit by Zemgus Girgensons and loses puck.
Goals for this period are 0 for Sabres vs 2 for Bruins.
Shots for this period are 8 for Sabres vs 10 for Bruins.

2nd period


0:01 of 2nd period - Zemgus Girgensons wins face-off versus Sidney Crosby in neutral zone.
0:20 of 2nd period - Snap shot by Sidney Crosby.
0:20 of 2nd period - Shot Misses the Net.
0:46 of 2nd period - Penalty to Brent Seabrook is over, Brent Seabrook is back on ice.
1:08 of 2nd period - Troy Brouwer is hit by Steve Downie and loses puck.
1:57 of 2nd period - Off-side.
1:58 of 2nd period - Marc-Andre Cliche wins face-off versus Marian Hossa in neutral zone.
2:15 of 2nd period - Snap shot by Chris Higgins.
2:15 of 2nd period - Shot Misses the Net.
2:17 of 2nd period - Slapshot by Alex Pietrangelo.
2:17 of 2nd period - Shot Blocked by Brenden Dillon.
2:41 of 2nd period - Snap shot by Henrik Zetterberg.
2:41 of 2nd period - Shot Misses the Net.
3:06 of 2nd period - Steven Stamkos is hit by Tommy Wingels and loses puck.
3:46 of 2nd period - Alec Martinez is hit by Matt Duchene and loses puck.
4:05 of 2nd period - Wrist shot by Claude Giroux.
4:05 of 2nd period - Stopped by Ondrej Pavelec without a rebound.
4:06 of 2nd period - Matt Stajan wins face-off versus Zemgus Girgensons in Sabres zone.
4:11 of 2nd period - Slapshot by T.J. Oshie.
4:11 of 2nd period - Shot Blocked by PA Parenteau.
4:27 of 2nd period - Wrist shot by PA Parenteau.
4:27 of 2nd period - Shot Misses the Net.
4:43 of 2nd period - Minor Penalty to Steve Downie for Interference.
4:44 of 2nd period - Marc-Andre Cliche wins face-off versus Anze Kopitar in Sabres zone.
5:01 of 2nd period - Snap shot by Anze Kopitar.
5:01 of 2nd period - Shot Blocked by Marc-Andre Cliche.
5:03 of 2nd period - Slapshot by Shea Weber.
5:03 of 2nd period - Deflect By Joe Pavelski.
5:03 of 2nd period - Stopped by Ondrej Pavelec without a rebound.
5:04 of 2nd period - Anze Kopitar wins face-off versus Marc-Andre Cliche in Sabres zone.
5:55 of 2nd period - Slapshot by Alex Pietrangelo.
5:55 of 2nd period - Goal by Alex Pietrangelo - Sabres : 1 - Bruins : 2.
5:56 of 2nd period - Claude Giroux wins face-off versus Marc-Andre Cliche in neutral zone.
6:32 of 2nd period - Alex Pietrangelo is hit by T.J. Oshie and loses puck.
6:43 of 2nd period - Penalty to Steve Downie is over, Steve Downie is back on ice.
7:01 of 2nd period - Snap shot by Joe Pavelski.
7:01 of 2nd period - Goal by Joe Pavelski - Sabres : 1 - Bruins : 3.
7:02 of 2nd period - Steven Stamkos wins face-off versus Anze Kopitar in neutral zone.
7:25 of 2nd period - Wrist shot by Marian Hossa.
7:25 of 2nd period - Stopped by Ondrej Pavelec with a rebound.
7:51 of 2nd period - Snap shot by Blake Wheeler.
7:51 of 2nd period - Shot Misses the Net.
7:53 of 2nd period - Wrist shot by Blake Wheeler.
7:53 of 2nd period - Shot Hit the Post.
8:20 of 2nd period - Snap shot by Claude Giroux.
8:20 of 2nd period - Shot Misses the Net.
8:22 of 2nd period - Slapshot by Jonas Brodin.
8:22 of 2nd period - Shot Misses the Net.
8:53 of 2nd period - Minor Penalty to T.J. Oshie for Hooking.
8:54 of 2nd period - Sidney Crosby wins face-off versus Zemgus Girgensons in Bruins zone.
9:54 of 2nd period - Brent Seabrook is hit by Blake Wheeler and loses puck.
10:12 of 2nd period - Off-side.
10:13 of 2nd period - Sidney Crosby wins face-off versus Zemgus Girgensons in neutral zone.
10:16 of 2nd period - Slapshot by David Perron.
10:16 of 2nd period - Shot Misses the Net.
10:18 of 2nd period - Snap shot by Steven Stamkos.
10:18 of 2nd period - Stopped by Semyon Varlamov without a rebound.
10:19 of 2nd period - Zemgus Girgensons wins face-off versus Sidney Crosby in Bruins zone.
10:53 of 2nd period - Penalty to T.J. Oshie is over, T.J. Oshie is back on ice.
12:05 of 2nd period - Jonas Brodin is hit by Steve Downie and loses puck.
12:28 of 2nd period - Minor Penalty to Troy Brouwer for Hooking.
12:29 of 2nd period - Sidney Crosby wins face-off versus Zemgus Girgensons in Bruins zone.
13:26 of 2nd period - Icing by Henrik Zetterberg.
13:27 of 2nd period - Henrik Zetterberg wins face-off versus Zemgus Girgensons in Sabres zone.
13:50 of 2nd period - Snap shot by Ryan Smyth.
13:50 of 2nd period - Shot Misses the Net.
13:56 of 2nd period - Jeff Petry is hit by Sidney Crosby and loses puck.
14:28 of 2nd period - Penalty to Troy Brouwer is over, Troy Brouwer is back on ice.
14:31 of 2nd period - Troy Brouwer is hit by Jay Bouwmeester and loses puck.
14:44 of 2nd period - Troy Brouwer is hit by Matt Stajan and loses puck.
14:49 of 2nd period - Snap shot by Matt Stajan.
14:49 of 2nd period - Stopped by Semyon Varlamov with a rebound.
14:51 of 2nd period - Wrist shot by PA Parenteau.
14:51 of 2nd period - Deflect By Steve Downie.
14:51 of 2nd period - Shot Misses the Net.
14:51 of 2nd period - Puck is out of play.
14:52 of 2nd period - Claude Giroux wins face-off versus Matt Stajan in Bruins zone.
14:54 of 2nd period - Penalty Shot by Matt Duchene for Bruins.
14:54 of 2nd period - Backhand shot by Matt Duchene.
14:54 of 2nd period - Goal by Matt Duchene - Sabres : 1 - Bruins : 4.
14:55 of 2nd period - Anze Kopitar wins face-off versus Steven Stamkos in neutral zone.
14:56 of 2nd period - Anze Kopitar wins face-off versus Steven Stamkos in Bruins zone.
15:58 of 2nd period - Wrist shot by Sidney Crosby.
15:58 of 2nd period - Deflect By Gustav Nyquist.
15:58 of 2nd period - Shot Misses the Net.
15:58 of 2nd period - Puck is out of play.
15:59 of 2nd period - Paul Stastny wins face-off versus Matt Stajan in Bruins zone.
16:10 of 2nd period - Wrist shot by Paul Stastny.
16:10 of 2nd period - Stopped by Ondrej Pavelec with a rebound.
16:30 of 2nd period - Snap shot by PA Parenteau.
16:30 of 2nd period - Shot Misses the Net.
16:57 of 2nd period - Minor Penalty to Blake Wheeler for Hooking.
16:58 of 2nd period - Marc-Andre Cliche wins face-off versus Anze Kopitar in Sabres zone.
17:05 of 2nd period - Snap shot by Henrik Zetterberg.
17:05 of 2nd period - Shot Misses the Net.
17:17 of 2nd period - Snap shot by Anze Kopitar.
17:17 of 2nd period - Stopped by Ondrej Pavelec with a rebound.
17:19 of 2nd period - Snap shot by Joe Pavelski.
17:19 of 2nd period - Stopped by Ondrej Pavelec with a rebound.
17:21 of 2nd period - Backhand shot by Shea Weber.
17:21 of 2nd period - Stopped by Ondrej Pavelec with a rebound.
17:35 of 2nd period - Snap shot by Anze Kopitar.
17:35 of 2nd period - Shot Blocked by Marc-Andre Cliche.
17:59 of 2nd period - Wrist shot by Matt Duchene.
17:59 of 2nd period - Stopped by Ondrej Pavelec with a rebound.
18:01 of 2nd period - Wrist shot by Troy Brouwer.
18:01 of 2nd period - Stopped by Ondrej Pavelec with a rebound.
18:11 of 2nd period - Snap shot by Matt Duchene.
18:11 of 2nd period - Shot Blocked by Eric Brewer.
18:13 of 2nd period - Snap shot by T.J. Oshie.
18:13 of 2nd period - Shot Blocked by Eric Brewer.
18:15 of 2nd period - Snap shot by Troy Brouwer.
18:15 of 2nd period - Stopped by Ondrej Pavelec without a rebound.
18:16 of 2nd period - Matt Stajan wins face-off versus Anze Kopitar in Sabres zone.
18:21 of 2nd period - Slapshot by Alex Pietrangelo.
18:21 of 2nd period - Stopped by Semyon Varlamov with a rebound.
18:33 of 2nd period - Matt Stajan is hit by Shea Weber and loses puck.
18:57 of 2nd period - Penalty to Blake Wheeler is over, Blake Wheeler is back on ice.
19:08 of 2nd period - Shea Weber is hit by Blake Wheeler and loses puck.
Goals for this period are 1 for Sabres vs 2 for Bruins.
Shots for this period are 4 for Sabres vs 11 for Bruins.

3rd period


0:01 of 3rd period - Steven Stamkos wins face-off versus Paul Stastny in neutral zone.
0:24 of 3rd period - Slapshot by Paul Stastny.
0:24 of 3rd period - Stopped by Ondrej Pavelec with a rebound.
0:52 of 3rd period - Shea Weber is hit by Jay Bouwmeester and loses puck.
0:57 of 3rd period - Wrist shot by Sidney Crosby.
0:57 of 3rd period - Stopped by Semyon Varlamov without a rebound.
0:58 of 3rd period - Sidney Crosby wins face-off versus Anze Kopitar in Bruins zone.
1:09 of 3rd period - Backhand shot by Sidney Crosby.
1:09 of 3rd period - Stopped by Semyon Varlamov without a rebound.
1:10 of 3rd period - Claude Giroux wins face-off versus Matt Stajan in Bruins zone.
1:21 of 3rd period - Snap shot by Matt Duchene.
1:21 of 3rd period - Stopped by Ondrej Pavelec with a rebound.
1:25 of 3rd period - Wrist shot by Matt Duchene.
1:25 of 3rd period - Deflect By Troy Brouwer.
1:25 of 3rd period - Shot Misses the Net.
1:25 of 3rd period - Puck is out of play.
1:26 of 3rd period - Claude Giroux wins face-off versus Matt Stajan in Sabres zone.
1:43 of 3rd period - Snap shot by PA Parenteau.
1:43 of 3rd period - Shot Misses the Net.
3:19 of 3rd period - Slapshot by Henrik Zetterberg.
3:19 of 3rd period - Goal by Henrik Zetterberg - Sabres : 2 - Bruins : 4.
3:20 of 3rd period - Claude Giroux wins face-off versus Sidney Crosby in neutral zone.
4:33 of 3rd period - Wrist shot by Anze Kopitar.
4:33 of 3rd period - Shot Blocked by Brooks Orpik.
4:35 of 3rd period - Slapshot by Brent Seabrook.
4:35 of 3rd period - Shot Blocked by Alex Pietrangelo.
4:47 of 3rd period - Wrist shot by Marian Hossa.
4:47 of 3rd period - Stopped by Ondrej Pavelec with a rebound.
5:07 of 3rd period - Slapshot by Shea Weber.
5:07 of 3rd period - Goal by Shea Weber - Sabres : 2 - Bruins : 5.
5:08 of 3rd period - Paul Stastny wins face-off versus Sidney Crosby in neutral zone.
5:11 of 3rd period - Slapshot by Nick Holden.
5:11 of 3rd period - Shot Blocked by Sidney Crosby.
5:19 of 3rd period - Wrist shot by Gustav Nyquist.
5:19 of 3rd period - Shot Misses the Net.
5:33 of 3rd period - Backhand shot by Sidney Crosby.
5:33 of 3rd period - Shot Hit the Post.
5:35 of 3rd period - Slapshot by Gustav Nyquist.
5:35 of 3rd period - Shot Misses the Net.
5:37 of 3rd period - Wrist shot by Blake Wheeler.
5:37 of 3rd period - Stopped by Semyon Varlamov with a rebound.
5:41 of 3rd period - Wrist shot by Sidney Crosby.
5:41 of 3rd period - Deflect By Blake Wheeler.
5:41 of 3rd period - Goal by Blake Wheeler - Sabres : 3 - Bruins : 5.
5:42 of 3rd period - Steven Stamkos wins face-off versus Joe Pavelski in neutral zone.
5:54 of 3rd period - Eric Brewer is hit by Brent Seabrook and loses puck.
6:07 of 3rd period - Snap shot by Marian Hossa.
6:07 of 3rd period - Deflect By Joe Pavelski.
6:07 of 3rd period - Shot Blocked by Jay Bouwmeester.
6:07 of 3rd period - Puck is out of play.
6:08 of 3rd period - Paul Stastny wins face-off versus Sidney Crosby in Sabres zone.
6:23 of 3rd period - Wrist shot by Sidney Crosby.
6:23 of 3rd period - Stopped by Semyon Varlamov with a rebound.
6:55 of 3rd period - Snap shot by Henrik Zetterberg.
6:55 of 3rd period - Deflect By David Perron.
6:55 of 3rd period - Shot Blocked by Jeff Petry.
6:55 of 3rd period - Puck is out of play.
6:56 of 3rd period - Steven Stamkos wins face-off versus Claude Giroux in Bruins zone.
7:29 of 3rd period - Wrist shot by David Perron.
7:29 of 3rd period - Shot Misses the Net.
7:35 of 3rd period - Eric Brewer is hit by Shea Weber and loses puck.
7:52 of 3rd period - Alec Martinez is hit by Brent Seabrook and loses puck.
8:05 of 3rd period - Wrist shot by Stephane Robidas.
8:05 of 3rd period - Stopped by Semyon Varlamov without a rebound.
8:06 of 3rd period - Chris Higgins wins face-off versus Paul Stastny in Bruins zone.
8:07 of 3rd period - Snap shot by Alex Pietrangelo.
8:07 of 3rd period - Shot Misses the Net.
8:09 of 3rd period - Wrist shot by Dwight King.
8:09 of 3rd period - Shot Blocked by Jonas Brodin.
8:11 of 3rd period - Slapshot by Brooks Orpik.
8:11 of 3rd period - Deflect By Chris Higgins.
8:11 of 3rd period - Stopped by Semyon Varlamov without a rebound.
8:12 of 3rd period - Sidney Crosby wins face-off versus Paul Stastny in Bruins zone.
8:20 of 3rd period - Minor Penalty to Blake Wheeler for Holding.
8:21 of 3rd period - Matt Stajan wins face-off versus Anze Kopitar in Sabres zone.
8:25 of 3rd period - Minor Penalty to T.J. Oshie for Delaying the game.
8:26 of 3rd period - Sidney Crosby wins face-off versus Anze Kopitar in Bruins zone.
8:31 of 3rd period - Snap shot by Steven Stamkos.
8:31 of 3rd period - Shot Misses the Net.
8:45 of 3rd period - Snap shot by Sidney Crosby.
8:45 of 3rd period - Stopped by Semyon Varlamov without a rebound.
8:46 of 3rd period - Anze Kopitar wins face-off versus Sidney Crosby in Bruins zone.
8:51 of 3rd period - Snap shot by Joe Pavelski.
8:51 of 3rd period - Stopped by Ondrej Pavelec with a rebound.
8:53 of 3rd period - Slapshot by Brent Seabrook.
8:53 of 3rd period - Shot Blocked by Alex Pietrangelo.
8:55 of 3rd period - Slapshot by Shea Weber.
8:55 of 3rd period - Stopped by Ondrej Pavelec with a rebound.
8:57 of 3rd period - Slapshot by Brent Seabrook.
8:57 of 3rd period - Stopped by Ondrej Pavelec without a rebound.
8:58 of 3rd period - Anze Kopitar wins face-off versus Steven Stamkos in Sabres zone.
9:11 of 3rd period - Snap shot by Henrik Zetterberg.
9:11 of 3rd period - Shot Misses the Net.
10:19 of 3rd period - Slapshot by Ryan Smyth.
10:19 of 3rd period - Shot Misses the Net.
10:20 of 3rd period - Penalty to Blake Wheeler is over, Blake Wheeler is back on ice.
10:25 of 3rd period - Penalty to T.J. Oshie is over, T.J. Oshie is back on ice.
10:25 of 3rd period - Wrist shot by Ryan Smyth.
10:25 of 3rd period - Shot Blocked by Jay Bouwmeester.
10:27 of 3rd period - Slapshot by Jeff Petry.
10:27 of 3rd period - Shot Blocked by Jay Bouwmeester.
10:29 of 3rd period - Snap shot by Zemgus Girgensons.
10:29 of 3rd period - Shot Blocked by Alex Pietrangelo.
10:31 of 3rd period - Wrist shot by Jeff Petry.
10:31 of 3rd period - Stopped by Ondrej Pavelec without a rebound.
10:32 of 3rd period - Matt Stajan wins face-off versus Paul Stastny in Sabres zone.
10:45 of 3rd period - Snap shot by Tommy Wingels.
10:45 of 3rd period - Goal by Tommy Wingels - Sabres : 3 - Bruins : 6.
10:46 of 3rd period - Steven Stamkos wins face-off versus Claude Giroux in neutral zone.
10:46 of 3rd period - Henrik Zetterberg is hit by Claude Giroux and loses puck.
11:03 of 3rd period - Snap shot by Claude Giroux.
11:03 of 3rd period - Stopped by Ondrej Pavelec with a rebound.
11:05 of 3rd period - Snap shot by Claude Giroux.
11:05 of 3rd period - Shot Misses the Net.
11:19 of 3rd period - Snap shot by Matt Duchene.
11:19 of 3rd period - Stopped by Ondrej Pavelec without a rebound.
11:20 of 3rd period - Sidney Crosby wins face-off versus Paul Stastny in Sabres zone.
11:25 of 3rd period - Wrist shot by Gustav Nyquist.
11:25 of 3rd period - Stopped by Semyon Varlamov with a rebound.
12:14 of 3rd period - Steve Downie is hit by Brenden Dillon and loses puck.
12:27 of 3rd period - Brent Seabrook is hit by Matt Stajan.
13:10 of 3rd period - Jay Bouwmeester is hit by Claude Giroux.
13:21 of 3rd period - Icing by Jay Bouwmeester.
13:22 of 3rd period - Claude Giroux wins face-off versus Steven Stamkos in Sabres zone.
13:35 of 3rd period - Slapshot by Matt Duchene.
13:35 of 3rd period - Shot Blocked by Henrik Zetterberg.
13:37 of 3rd period - Snap shot by Brent Seabrook.
13:37 of 3rd period - Shot Blocked by Steven Stamkos.
13:39 of 3rd period - Slapshot by Shea Weber.
13:39 of 3rd period - Shot Blocked by Eric Brewer.
13:41 of 3rd period - Slapshot by Shea Weber.
13:41 of 3rd period - Shot Misses the Net.
14:17 of 3rd period - Wrist shot by T.J. Oshie.
14:17 of 3rd period - Shot Misses the Net.
14:19 of 3rd period - Snap shot by Ryan Smyth.
14:19 of 3rd period - Shot Misses the Net.
14:21 of 3rd period - Wrist shot by Zemgus Girgensons.
14:21 of 3rd period - Stopped by Ondrej Pavelec without a rebound.
14:22 of 3rd period - Anze Kopitar wins face-off versus Sidney Crosby in Sabres zone.
14:51 of 3rd period - Snap shot by Sidney Crosby.
14:51 of 3rd period - Stopped by Semyon Varlamov without a rebound.
14:52 of 3rd period - Claude Giroux wins face-off versus Marc-Andre Cliche in Bruins zone.
15:06 of 3rd period - Off-side.
15:07 of 3rd period - Claude Giroux wins face-off versus Marc-Andre Cliche in neutral zone.
15:12 of 3rd period - Snap shot by Claude Giroux.
15:12 of 3rd period - Shot Misses the Net.
15:20 of 3rd period - Slapshot by Alex Pietrangelo.
15:20 of 3rd period - Shot Misses the Net.
16:05 of 3rd period - Wrist shot by Anze Kopitar.
16:05 of 3rd period - Shot Misses the Net.
16:52 of 3rd period - Wrist shot by Paul Stastny.
16:52 of 3rd period - Deflect By Jay Bouwmeester.
16:52 of 3rd period - Stopped by Ondrej Pavelec without a rebound.
16:53 of 3rd period - Matt Stajan wins face-off versus Claude Giroux in Sabres zone.
17:02 of 3rd period - Slapshot by Matt Stajan.
17:02 of 3rd period - Stopped by Semyon Varlamov without a rebound.
17:03 of 3rd period - Claude Giroux wins face-off versus Steven Stamkos in Bruins zone.
18:00 of 3rd period - Brooks Orpik is hit by Anze Kopitar and loses puck.
18:07 of 3rd period - Matt Stajan is hit by Brenden Dillon and loses puck.
18:45 of 3rd period - Slapshot by T.J. Oshie.
18:45 of 3rd period - Shot Misses the Net.
19:22 of 3rd period - Slapshot by Chris Higgins.
19:22 of 3rd period - Shot Misses the Net.
19:34 of 3rd period - Wrist shot by Chris Higgins.
19:34 of 3rd period - Stopped by Semyon Varlamov with a rebound.
19:56 of 3rd period - Wrist shot by Henrik Zetterberg.
19:56 of 3rd period - Stopped by Semyon Varlamov with a rebound.
19:58 of 3rd period - Wrist shot by Henrik Zetterberg.
19:58 of 3rd period - Shot Misses the Net.
Goals for this period are 2 for Sabres vs 2 for Bruins.
Shots for this period are 14 for Sabres vs 13 for Bruins.


Output by the SimonT Hockey Simulator (STHS) for Eric Dolegowski -- Original Page W3C XHTML 1.0 Valid
Hockey Simulator - Hockey Simulation - Hockey Manager